 Dungeon Crawl Stone Soup version 0.28.0-53-g5a82cb258f (webtiles) character file.

Game seed: 2994625831335319406

70 DocClef the Skirmisher (level 4, -1/40 HPs)
             Began as a Draconian Fighter on June 14, 2022.
             Slain by an adder (4 damage)
             ... on level 2 of the Dungeon.
             The game lasted 00:01:36 (1922 turns).

DocClef the Skirmisher (Draconian Fighter)          Turns: 1922, Time: 00:01:36

Health: -1/40      AC:  5    Str: 19    XL:     4   Next: 3%
Magic:  4/4        EV: 12    Int:  8    God:
Gold:   71         SH:  4    Dex: 12    Spells: 3/3 levels left

rFire   . . .      SeeInvis .   e - +0 dagger (speed)
rCold   . . .      Faith    .   b - +0 buckler
rNeg    . . .      Spirit   .   (armour unavailable)
rPois   .          Reflect  .   (helmet restricted)
rElec   .          Harm     .   (no cloak)
rCorr   .          Rampage  .   (no gloves)
Will    .....                   (no boots)
Stlth   +.........              (no amulet)
HPRegen 0.13/turn               (no ring)
MPRegen 0.09/turn               (no ring)

@: lethally poisoned (-1 -> -4)
A: AC +5, unfitting armour, cold-blooded
a: no special abilities


You were on level 2 of the Dungeon.
You visited 1 branch of the dungeon, and saw 2 of its levels.

You collected 71 gold pieces.

Inventory:

Hand Weapons
 a - a +0 rapier
 e - a +0 dagger of speed (weapon)
Armour
 b - a +0 buckler (worn)
Scrolls
 f - a scroll of noise {unknown}
 g - a scroll of fog {unknown}
Potions
 c - a potion of might
 d - a potion of ambrosia {unknown}
 h - a potion of magic {unknown}
 i - a potion of lignification {unknown}


   Skills:
 + Level 4.0 Fighting
 + Level 2.8 Short Blades
 + Level 3.2 Dodging
 + Level 3.4 Shields


You had 3 spell levels left.
You didn't know any spells.
Your spell library was empty.

Dungeon Overview and Level Annotations

Branches:
Dungeon (2/15)

Altars:

Shops:
D:1 (


Innate Abilities, Weirdness & Mutations

Your plain brown scales are hard. (AC +5)
You cannot fit into any form of body armour.
You are cold-blooded and may be slowed by cold attacks.


Message History

The adder is lightly wounded.
You feel sick. The adder misses you. The adder closely misses you.
You closely miss the adder.
Your tail-slap misses the adder.
The adder is lightly wounded.
You feel sick. The adder closely misses you.
You are too injured to fight recklessly!
You are too injured to fight recklessly!
You are too injured to fight recklessly!
You are too injured to fight recklessly!
You are too injured to fight recklessly!
You are too injured to fight recklessly!
You are too injured to fight recklessly!
You are too injured to fight recklessly!
You are too injured to fight recklessly!
You are too injured to fight recklessly!
You feel sick. The adder bites you.
You are more poisoned.
The adder poisons you!
There is an open door here.
You feel very sick.
You feel sick. The adder closely misses you.
You hit the adder but do no damage.
You feel sick.
You hit the adder but do no damage. You tail-slap the adder.
The adder is lightly wounded.
You feel sick. You block the adder's attack.
You barely miss the adder.
Your tail-slap misses the adder.
The adder is lightly wounded.
You feel sick. You block the adder's attack.
You hit the adder.
The adder is moderately wounded.
You block the adder's attack.
You barely miss the adder.
The adder is moderately wounded.
You feel sick. The adder bites you.
* * * LOW HITPOINT WARNING * * *
You closely miss the adder.
The adder is moderately wounded.
* * * LOW HITPOINT WARNING * * *
You feel sick. The adder bites you.
You die...

..........#....#.#######
#.####....#####)#
#..'....+.....#
#.##....#######
#.####### #.# #########
#.# #........
#.#####........
#...@SS......?.
#######....?...
#.####### #.# #.# #.#
#.# #># #.#


You could see 2 adders.

Vanquished Creatures
  Robin (D:2)
  An adder (D:2)
  A dart slug (D:1)
  2 endoplasms (D:2)
  2 giant cockroaches
  11 goblins
  5 hobgoblins
  3 kobolds (D:1)
  4 quokkas (D:1)
  2 ball pythons (D:1)
  3 bats (D:1)
  2 frilled lizards (D:1)
  4 rats
  A spectral hobgoblin (D:1)
42 creatures vanquished.

Notes
Turn   | Place    | Note
-------+----------+-------------------------------------------
     0 | D:1      | DocClef the Draconian Fighter began the quest for the Orb.
     0 | D:1      | Reached XP level 1. HP: 19/19 MP: 1/1
   159 | D:1      | Reached XP level 2. HP: 22/26 MP: 2/2
   605 | D:1      | Found Vusubb's Weapon Emporium.
   707 | D:1      | Found a faded altar of an unknown god.
  1419 | D:2      | Noticed Robin
  1429 | D:2      | Reached XP level 3. HP: 33/33 MP: 3/3
  1501 | D:2      | Killed Robin
  1798 | D:2      | Reached skill level 4 in Fighting
  1798 | D:2      | Reached XP level 4. HP: 35/40 MP: 4/4
  1922 | D:2      | Slain by an adder

Illustrated notes

Levels and vault maps discovered:
D:1:      eino_arrival_water_star, layout_basic,
          dreamdust_ecumenical_altar_drowned_temple, serial_shops, shop
D:2:      layout_basic, basic_altar, uniq_terence, uniq_robin

Skill      XL: |  1  2  3 |
---------------+----------+-----
Dodging        | 3 |  3.2
Fighting       | 4 |  4.0
Short Blades   | |  2.8
Shields        | |  3.4

Action                   |  1- 3 |  4- 6 || total
-------------------------+-------+-------++-------
Melee: Rapier            |    11 |       ||    11
       Dagger            |   209 |    23 ||   232
       Tailslap          |    21 |     2 ||    23
Armor: Skin              |    47 |     6 ||    53
Dodge: Dodged            |   102 |     8 ||   110
Block: Buckler           |    35 |     6 ||    41
